 Dungeon Crawl Stone Soup version 0.30-a0-723-gc1506a1cf0 (webtiles) character file.

Game seed: 2868983795783488876

1601 iguanaiguana the Distorting Mummy (level 8, -3/58 HPs)
             Began as a Mummy Delver on Jan 28, 2023.
             Was a Believer of Lugonu.
             Slain by a troll (13 damage)
             ... on level 7 of the Dungeon.
             The game lasted 00:17:11 (1174 turns).

iguanaiguana the Distorting Mummy (Mummy Delver)    Turns: 1174, Time: 00:17:12

Health: -3/58      AC: 15    Str: 18    XL:     8   Next: 62%
Magic:  2/13       EV:  5    Int: 11    God:    Lugonu [**....]
Gold:   62         SH:  0    Dex: 13    Spells: 7/7 levels left

rFire   x . .      SeeInvis .    b - +2 long sword
rCold   + + .      Faith    +    (no shield)
rNeg    + + +      Spirit   .    n - +2 plate armour of Minor Irritation {rPois rC+ Str+2}
rPois   ∞          Reflect  .    (no helmet)
rElec   .          Harm     .    (no cloak)
rCorr   .          Rampage  .    p - +2 pair of gloves
Will    +....                    (no boots) Stlth
                                 (no amulet)
HPRegen 0.29/turn                (no ring)
MPRegen 0.13/turn                (no ring)

@: slowed, very slow
A: cold resistance 1, negative energy resistance 3, torment resistance 2, heat
vulnerability 1, in touch with death 1, no potions, faith
a: Renounce Religion, Depart the Abyss, Banish


You were on level 7 of the Dungeon.
You worshipped Lugonu.
Lugonu was pleased with you.
You visited 1 branch of the dungeon, and saw 5 of its levels.
You also visited: Sewer.

You collected 62 gold pieces.

Inventory:

Hand Weapons
 a - a +0 short sword
 b - a +2 long sword (weapon)
Missiles
 g - 5 javelins (quivered)
Armour
 d - a +1 scale mail of fire resistance
 i - a +0 leather armour
 n - the +2 plate armour of Minor Irritation (worn) {rPois rC+ Str+2}
   (You found it on level 5 of the Dungeon)

   Str:       It affects your strength (+2).
   rC:        It protects you from cold.
   rPois:     It protects you from poison.
 p - a +2 pair of gloves (worn)
Wands
 f - a wand of digging (3) {@v3}
 m - a wand of mindburst (2)
Scrolls
 c - a scroll of fog
 h - a scroll of teleportation {@r3}
 j - a scroll of magic mapping {@r5}
 l - a scroll of immolation


   Skills:
 - Level 3.0 Fighting
 - Level 2.7(3.9) Short Blades
 - Level 4.2(4.6) Long Blades
 - Level 1.5 Dodging
 - Level 4.1 Stealth
 + Level 7.0 Invocations
 - Level 3.7 Evocations


You had 7 spell levels left.
You didn't know any spells.
Your spell library contained the following spells:

 Spells                   Type           Power      Damage    Failure   Level
 Kiss of Death            Conj/Necr      0%         2d5       100%        1
 Confusing Touch          Hex            0%         N/A       100%        3
 Dispel Undead            Necr           0%         3d6       100%        4


Dungeon Overview and Level Annotations

Branches:
Dungeon (7/15) Zot: 26671   Sewer (visited)
 Temple: D:4-7

Altars:
Lugonu

Shops:
D:4 (

Annotations:
D:4 exclusion: ogre
D:5 exclusions: downstairs and 1 more exclusion


Innate Abilities, Weirdness & Mutations

You are immune to poison.
Your flesh is cold resistant. (rC+)
You are immune to negative energy. (rN+++)
You are immune to unholy pain and torment.
You are vulnerable to heat. (rF-)
You are in touch with the powers of death.
You do not drink.
You have a special connection with the divine. (Faith)


Message History

Training target 4.0 for Invocations reached!
Your Invocations skill increases to level 4!
You need to enable at least one skill for training.
Your Invocations skill gained 2 levels and is now at level 6!
You have reached level 8!
Okay, then.
You don't know any spells.
Okay, then.
Okay, then.
As you read the scroll of fear, it crumbles to dust.
You assume a fearsome visage.
The acid dragon looks frightened!
The wraith is unaffected.
The yak looks frightened!
The boulder beetle looks frightened!
The wraith hits you.
* * * LOW HITPOINT WARNING * * *
The wraith drains your vigour!
You feel yourself slow down.
The boulder beetle leaps!
Press: ? - help, Shift-Dir - straight line, f - wraith
Aim: a wraith (chance to affect: 52%)
The wraith resists with significant effort.
The wraith hits you!
* * * LOW HITPOINT WARNING * * *
A troll comes into view.
Unknown command.
Press: ? - help, Shift-Dir - straight line, f/p - wraith
Aim: a wraith (chance to affect: 52%)
The wraith is devoured by a tear in reality.
Lugonu claims a new guest.
Your Invocations skill increases to level 7!
Okay, then.
Okay, then.
Okay, then.
You don't know any spells.
The air fills with toxic fumes!
As you read the scroll labelled XUARGH CARUAKASM, it crumbles to dust.
It was a scroll of poison.
The troll bites you!
* * * LOW HITPOINT WARNING * * *
The boulder beetle is engulfed in poison gas.
The boulder beetle is poisoned.
The troll attacks as you move away! The troll bites you!
You die...

#.........###.............#
...######.....#####)#####.....
.### ##...#######.)##..# ###.
.#####..### #..##..##.#
.##....## #..##..##.# .†..#.##
##### #..##..# .##...#
#..☼§##..##..# .###.##
#☼§##..##.# .# #.# #§@##..# .#
.# #.# ###T§##.. # .# ..#
#§.##..# .. .## #####§# ## .
#).##§# #D.#.#§# . #D#.#§# #
#.#.#.#§# +.# #.#.#.+


You could see a troll.

Vanquished Creatures
  A two-headed ogre (D:7)
  2 ogres
  2 centaurs (D:7)
  A phantom (D:7)
  A bullfrog (D:5)
  A necrophage (D:5)
  A killer bee (D:7)
  4 hounds
  Natasha (D:3)
  3 iguanas
  5 adders
  2 ufetubi
  3 worms
  3 orcs (D:4)
  2 bats (D:3)
  A giant cockroach (D:4)
  2 goblins
  A hobgoblin (D:3)
  4 jackals (D:3)
  A quokka (D:4)
  A ball python (D:4)
  6 frilled lizards
  A kobold (D:4)
49 creatures vanquished.

Vanquished Creatures (others)
  4 plants (D:3)
  8 withered plants (D:3)
12 creatures vanquished.

Grand Total: 61 creatures vanquished

Notes
Turn   | Place    | Note
-------+----------+-------------------------------------------
     0 | D:5      | iguanaiguana the Mummy Delver began the quest for the Orb.
     0 | D:5      | Reached XP level 1. HP: 18/18 MP: 1/1
     1 | D:6      | Noticed an iguana
     1 | D:6      | Noticed an ogre
   107 | D:4      | Found Yrhaij's Weapon Shoppe.
   135 | D:4      | Found a glowing drain.
   155 | D:4      | Reached XP level 2. HP: 19/24 MP: 2/2
   168 | Sewer    | Entered a sewer
   216 | Sewer    | Noticed Pargi
   307 | D:4      | Noticed an ogre
   377 | D:3      | Gained mutation: You are in touch with the powers of death.
                  | [Mummy growth]
   377 | D:3      | Reached XP level 3. HP: 29/29 MP: 3/3
   420 | D:3      | Reached skill level 1 in Long Blades
   455 | D:3      | Noticed Natasha
   491 | D:3      | Killed Natasha
   492 | D:3      | Reached XP level 4. HP: 32/35 MP: 4/4
   501 | D:3      | Found a faded altar of an unknown god.
   509 | D:3      | Prayed at the altar of an unknown god.
   509 | D:3      | Became a worshipper of Lugonu the Unformed
   509 | D:3      | Reached * piety under Lugonu
   667 | D:5      | Noticed an ogre
   675 | D:5      | Killed an ogre
   676 | D:5      | Reached XP level 5. HP: 30/41 MP: 5/5
   726 | D:5      | Identified the +2 plate armour of Minor Irritation {rPois
                  | rC+ Str+2}
   792 | D:5      | Reached XP level 6. HP: 43/47 MP: 6/6
   811 | D:5      | Reached skill level 1 in Evocations
   875 | D:7      | Reached XP level 7. HP: 41/52 MP: 7/7
   897 | D:7      | Reached ** piety under Lugonu
   943 | D:7      | Reached skill level 1 in Invocations
   945 | D:7      | Reached skill level 2 in Invocations
   962 | D:7      | Reached skill level 3 in Invocations
  1158 | D:7      | Noticed a wraith
  1158 | D:7      | Noticed a boulder beetle
  1160 | D:7      | Noticed a two-headed ogre
  1160 | D:7      | Noticed a yak
  1167 | D:7      | Killed a two-headed ogre
  1168 | D:7      | Reached skill level 4 in Invocations
  1168 | D:7      | Reached skill level 6 in Invocations
  1168 | D:7      | Reached XP level 8. HP: 32/58 MP: 9/12
  1169 | D:7      | Noticed a troll
  1171 | D:7      | Reached skill level 7 in Invocations
  1174 | D:7      | Slain by a troll

Illustrated notes

Levels and vault maps discovered:
D:3:      layout_loops_ring, mainiacjoe_overflow_surrounded_room,
          nicolae_gozag_seed_capital, shapermc_ecumenical_altar_flowoftime,
          uniq_natasha
D:4:      layout_basic, serial_shops, shop, cheibrodos_sewer_entry_drain
D:5:      layout_cave_pools
D:6:      layout_loops_ring, nemelex_xobeh_ov_fountains_minmay,
          nicolae_overflows_in_rows, minmay_temple_entry_hall,
          minmay_lizard_king
D:7:      minmay_the_grid_plus_closed [minmay_the_grid_outer_diamond,
          minmay_the_grid_minigrid_medium, minmay_the_grid_box_x,
          minmay_the_grid_odd_star,
          minmay_the_grid_prize_four_corners_diamond_b], layout_basic,
          serial_shops, nicolae_shop_overgrown_old_shop, minivault_19,
          reono_crystal_passage

Skill      XL: |  1  2  3  4  5  6  7  8 |
---------------+-------------------------+-----
Short Blades   | 2 |  2.7
Long Blades    | 2 3 4 |  4.2
Evocations     | 3 |  3.7
Invocations    | 6 7 |  7.0
Fighting       | |  3.0
Dodging        | |  1.5
Stealth        | |  4.1

Action                     |  1- 3 |  4- 6 |  7- 9 || total
---------------------------+-------+-------+-------++-------
  Melee: Short sword       |    17 |       |       ||    17
         Long sword        |    74 |    92 |    30 ||   196
         Punch             |     4 |     1 |     1 ||     6
  Throw: Javelin           |     5 |     4 |       ||     9
 Invoke: Banish            |       |       |     2 ||     2
  Evoke: Wand              |       |     2 |     9 ||    11
    Use: Scroll            |     7 |     2 |     4 ||    13
   Stab: Sleeping          |     2 |       |       ||     2
 Armour: Leather armour    |    12 |       |       ||    12
         Scale mail        |    38 |    29 |       ||    67
         Plate armour      |       |    33 |    34 ||    67
  Dodge: Dodged            |    60 |    51 |    20 ||   131

Table legend: (Time is in decaauts)
 A = Elapsed time spent in this place.
 B = Non-inter-level travel time spent in this place.
 C = Inter-level travel time spent in this place.
 D = Time resting spent in this place.
 E = Time spent auto-exploring this place.
 F = Levels seen in this place.
 G = Mean time per level.
                   A        B        C        D        E       F      G
               +--------+--------+--------+--------+--------+-----+--------+
         Total |   1255 |   1181 |     74 |      0 |      0 |   6 |  209.2 |
       Dungeon |   1090 |   1016 |     74 |      0 |      0 |   5 |  218.0 |
         Sewer |    165 |    165 |      0 |      0 |      0 |   1 |  165.0 |
               +--------+--------+--------+--------+--------+-----+--------+

Top non-repeatable levels by time:
     D:7: 328 daAuts
     D:5: 277 daAuts
     D:4: 234 daAuts
     D:3: 231 daAuts
   Sewer: 165 daAuts
     D:6: 18 daAuts
